[Event "*** Titled Tuesday Blitz"]
[Site "Chess.com"]
[Date "2019.09.03"]
[Round "7"]
[White "Al_Shima"]
[Black "Komissarov_alex"]
[Result "1-0"]
[WhiteElo "2438"]
[BlackElo "2103"]
[TimeControl "180+2"]
[EndTime "16:34:38 PDT"]
[Termination "Al_Shima won by checkmate"]

1. b3 e5 2. Bb2 Nc6 3. e3 Nf6 4. Bb5 Bd6 5. Ne2 O-O 6. O-O Re8 7. d3 Bf8 8. Bxc6 bxc6 9. e4 d5 10. Nd2 Ba6 11. Ng3 dxe4 12. Ngxe4 Nxe4 13. Nxe4 f5 14.
Ng3 Qd7 15. Re1 Bd6 16. Qh5 g6 17. Qh6 Bf8 18. Qg5 Bg7 19. h4 Re6 20. h5 h6 21. Qd2 f4 22. Ne4 gxh5 23. Nc5 Qc8 24. Nxe6 Qxe6 25. Qa5 f3 26. Qxa6 Qg6 27. g3 Kh7 28.
Qc4 Kh8 29. Bxe5 Qf5 30. Bxg7+ Kxg7 31. Re7+ Kf8 32. Rae1 Qh3 33. Qf7# 1-0

[Event "*** Titled Tuesday Blitz"]
[Site "Chess.com"]
[Date "2019.09.03"]
[Round "7"]
[White "becemix"]
[Black "Alexandercs432"]
[Result "1-0"]
[WhiteElo "2412"]
[BlackElo "2035"]
[TimeControl "180+2"]
[EndTime "16:34:39 PDT"]
[Termination "becemix won on time"]

1. e4 e5 2. Nf3 Nf6 3. Nxe5 d6 4.
Nxf7 Kxf7 5. d4 c5 6. dxc5 Nc6 7. Bc4+ Be6 8. Bxe6+ Kxe6 9. cxd6 Qxd6 10. Qxd6+ Bxd6 11.
f3 Bc5 12. c3 Rhd8 13. Ke2 Rd7 14. Nd2 Rad8 15. Nb3 Bb6 16. Be3 Bxe3 17. Kxe3 g5 18. Ke2 b6 19. Rhd1 Rxd1 20. Rxd1 Rxd1 21. Kxd1 h5 22.
Ke2 h4 23. Nd4+ Nxd4+ 24. cxd4 Nh5 25. Ke3 Nf4 26. g3 hxg3 27. hxg3 Nh5 28. Kf2 Nf6 29. g4 Nd7 30. Ke3 Nb8 31. f4 gxf4+ 32. Kxf4 Na6 33. a3 Nc7 34. g5 Nb5 35. d5+ Kf7 36. e5 Nc7 37. Ke4 Kg6 38. e6 Kxg5 39. Ke5 Kg6 40.
d6 Ne8 41. d7 1-0

[Event "*** Titled Tuesday Blitz"]
[Site "Chess.com"]
[Date "2019.09.03"]
[Round "7"]
[White "Mikhail_Golubev"]
[Black "bascheyaro"]
[Result "0-1"]
[WhiteElo "2427"]
[BlackElo "2691"]
[TimeControl "180+2"]
[EndTime "16:34:50 PDT"]
[Termination "bascheyaro won on time"]

1. e4 e6 2. d4 d5 3. Nc3 Bb4 4. e5 Ne7 5. a3 Bxc3+ 6. bxc3 b6 7. Qg4 Kf8 8. Bd3 Ba6 9. Nf3 Bxd3 10. cxd3 c5 11. O-O Nbc6 12. a4 cxd4 13. Ba3 Kg8 14. Nxd4 Nxd4 15. Qxd4 Nc6 16. Qf4 h6 17. c4 dxc4 18.
dxc4 Qd4 19. Qf3 Rc8 20. Rad1 Qxe5 21. Rfe1 Qf6 22. Qe4 Na5 23. Rd7 Rxc4 24. Qb1 Rc8 25. Red1 Nc4 26. Be7 Qf5 27. Qxf5 exf5 28. Rxa7 Kh7 29.
f4 Ra8 30. Rdd7 Rhc8 31. Bb4 Rxa7 32. Rxa7 Kg6 33. Kf2 Nb2 34. Bd6 Rc4 35. Be5 Rxa4 0-1

[Event "*** Titled Tuesday Blitz"]
[Site "Chess.com"]
[Date "2019.09.03"]
[Round "7"]
[White "ckgchess"]
[Black "chegueps"]
[Result "1-0"]
[WhiteElo "2746"]
[BlackElo "2548"]
[TimeControl "180+2"]
[EndTime "16:34:53 PDT"]
[Termination "ckgchess won by resignation"]

1. e4 c5 2. Nf3 d6 3. d4 cxd4 4. Nxd4 Nf6 5. Nc3 a6 6. Bg5 Nbd7 7. Qe2 b5 8. O-O-O Qc7 9. f4 h6 10. Bxf6 gxf6 11. Nd5 Qb7 12. Qh5 Nc5 13. g4 Rg8 14. h3 Bg7 15. Bg2 e6 16. e5 exd5 17. exf6 Bxf6 18. Bxd5 Qa7 19. Rhe1+ Be6 20. Nxe6 Rg6 21.
Nxc5+ Kf8 22. Ne4 Rc8 23. Nxf6 Qc7 24. Re8+ Rxe8 25. Nxe8 Kxe8 26. f5 Rf6 27. Qh4 Qe7 28. Re1 Re6 29. Qxe7+ Rxe7 30. Rxe7+ 1-0

[Event "*** Titled Tuesday Blitz"]
[Site "Chess.com"]
[Date "2019.09.03"]
[Round "7"]
[White "vova-79"]
[Black "riconaipe"]
[Result "1-0"]
[WhiteElo "2407"]
[BlackElo "2551"]
[TimeControl "180+2"]
[EndTime "16:34:54 PDT"]
[Termination "vova-79 won by resignation"]

1. d4 e6 2. c4 d5 3. Nc3 c6 4. e3 Bd6 5. Qc2 f5 6. Bd3 Nf6 7. f3 O-O 8. Nge2 Kh8 9. O-O Na6 10. a3 Nc7 11. Bd2 Bd7 12. e4 fxe4 13. fxe4 dxe4 14. Nxe4 Nxe4 15. Bxe4 Qh4 16. g3 Qh5 17. Nf4 Bxf4 18.
Bxf4 Ne8 19. Be5 Nf6 20. Bf3 Qf5 21. Qe2 Qg6 22. Rf2 Rf7 23. Raf1 Raf8 24. Bd6 Re8 25.
Bh5 Nxh5 26. Rxf7 Nf6 27. R1xf6 gxf6 28. Rxd7 e5 29. dxe5 Qb1+ 30. Kg2 Qf5 31. Rxb7 Qe6 32. c5 fxe5 33. Qe4 1-0

[Event "*** Titled Tuesday Blitz"]
[Site "Chess.com"]
[Date "2019.09.03"]
[Round "7"]
[White "ElGasanov"]
[Black "NormWeinstein"]
[Result "1-0"]
[WhiteElo "2684"]
[BlackElo "2415"]
[TimeControl "180+2"]
[EndTime "16:34:57 PDT"]
[Termination "ElGasanov won by resignation"]

1. e4 c5 2. Nc3 e6 3. g3 d5 4. Bg2 dxe4 5. Nxe4 Be7 6. Ne2 Nf6 7.
d4 cxd4 8. Qxd4 O-O 9. O-O Nc6 10. Qe3 Qc7 11. N2c3 a6 12. Rd1 b5 13. Nxf6+ Bxf6 14. Qc5 Bb7 15. Bf4 Qc8 16. Ne4 Be7 17. Bd6 Re8 18. c3 Rb8 19. Qh5 Ra8 20. Bxe7 Rxe7 21. Nd6 Qc7 22. Nxb7 Qxb7 23. Rd6 Rc8 24. Rad1 g6 25.
Qc5 Rec7 26. h4 h5 27. Bxc6 Rxc6 28. Rxc6 Rxc6 29. Rd8+ Kh7 30. Qf8 1-0

[Event "*** Titled Tuesday Blitz"]
[Site "Chess.com"]
[Date "2019.09.03"]
[Round "7"]
[White "Bishops83"]
[Black "r31415"]
[Result "0-1"]
[WhiteElo "2211"]
[BlackElo "2365"]
[TimeControl "180+2"]
[EndTime "16:35:01 PDT"]
[Termination "r31415 won by resignation"]

1. e4 e5 2. Nf3 Nc6 3. Bb5 Nf6 4. O-O Nxe4 5. d4 Nd6 6. dxe5 Nxb5 7. a4 Nbd4 8. Nxd4 Nxd4 9. Qxd4 d5 10. exd6 Qxd6 11.
Qe4+ Qe6 12. Qd4 Qd6 13. Qe4+ Qe6 14. Qd4 Qb6 15. Qc3 Qc5 16. Qg3 Qxc2 17. Nc3 c6 18. Re1+ Be6 19. Qc7 Qb3 20. Bg5 Qb6 21.
Qe5 Bc5 22. Qg3 O-O 23. Bh6 Bd4 24. Rad1 Bxf2+ 25. Qxf2 Qxf2+ 26. Kxf2 gxh6 27. Ne4 Rad8 28. Nc5 Bc8 29. a5 b6 30. axb6 axb6 31. Ne4 Rxd1 32. Rxd1 Kg7 33. Rd6 Re8 34. Rxc6 Bb7 0-1

[Event "*** Titled Tuesday Blitz"]
[Site "Chess.com"]
[Date "2019.09.03"]
[Round "7"]
[White "JakubPulpan"]
[Black "mitrabhaa"]
[Result "0-1"]
[WhiteElo "2729"]
[BlackElo "2662"]
[TimeControl "180+2"]
[EndTime "16:35:03 PDT"]
[Termination "mitrabhaa won by checkmate"]

1. Nf3 Nf6 2. b3 g6 3. Bb2 Bg7 4. g3 c5 5. c4 Nc6 6. Nc3 O-O 7. Bg2 e5 8. O-O d6 9. e3 Nh5 10. d4 exd4 11. exd4 Nxd4 12. Nxd4 Bxd4 13. Qd2 Ng7 14.
Rad1 Bg4 15. Rde1 Rb8 16. Re4 Be6 17. Rxd4 cxd4 18. Nb5 Bd7 19. Qxd4 f6 20. Nxd6 Bc6 21. Bd5+ Kh8 22. Nf7+ Rxf7 23. Bxf7 Qxd4 24. Bxd4 Rf8 25.
Bd5 Nf5 26. Bxa7 Ra8 27. Bxc6 bxc6 28. Bc5 Rxa2 29. Rd1 Kg7 30. Rd7+ Kh6 31. Rd6 Nxd6 32. Bxd6 Kg5 33. b4 Rb2 34. Kg2 Kf5 35. Kf3 Rb3+ 36. Ke2 Ke4 37. Be7 Rb2+ 38. Ke1 f5 39. b5 cxb5 40.
cxb5 Kf3 41. Bc5 Rxb5 42. Kf1 Rxc5 43. g4 Rc1# 0-1

[Event "*** Titled Tuesday Blitz"]
[Site "Chess.com"]
[Date "2019.09.03"]
[Round "7"]
[White "VladimirBelous"]
[Black "GadimbayliA"]
[Result "0-1"]
[WhiteElo "2718"]
[BlackElo "2877"]
[TimeControl "180+2"]
[EndTime "16:35:04 PDT"]
[Termination "GadimbayliA won by resignation"]

1. c4 e5 2. g3 Nf6 3. Bg2 d5 4. cxd5 Nxd5 5. Nf3 Nc6 6. O-O Be7 7. Nc3 Nb6 8. a3 O-O 9. b4 Be6 10. d3 a5 11. b5 Nd4 12. Nd2 a4 13. Bxb7 Ra5 14. Rb1 f5 15. e3 Nb3 16. Nxb3 axb3 17. Rxb3 Bxb3 18. Qxb3+ Kh8 19. Nd5 Nxd5 20. Bxd5 Bd6 21. a4 f4 22. Bd2 Ra7 23. a5 Qd7 24. Kg2 Qf5 25. Bf3 h5 26. exf4 exf4 27. Qd5 h4 28. g4 Qxd5 29. Bxd5 f3+ 30. Bxf3 h3+ 31. Kxh3 Rxf3+ 32. Kg2 Rxd3 0-1

[Event "*** Titled Tuesday Blitz"]
[Site "Chess.com"]
[Date "2019.09.03"]
[Round "7"]
[White "Walter_White_Poland"]
[Black "ENEASZ"]
[Result "0-1"]
[WhiteElo "2330"]
[BlackElo "2546"]
[TimeControl "180+2"]
[EndTime "16:35:06 PDT"]
[Termination "ENEASZ won by resignation"]

1. e4 d6 2. d4 Nf6 3. Nc3 e5 4.
Nf3 Nbd7 5. Bc4 Be7 6. O-O O-O 7.
a4 c6 8. Bb3 b6 9. Qe2 a6 10. Rd1 Qc7 11. dxe5 dxe5 12. Nh4 Nc5 13. Ba2 Re8 14. Nf5 Bxf5 15. exf5 e4 16. Be3 Bd6 17.
h3 Be5 18. a5 Ncd7 19. axb6 Nxb6 20. g4 h6 21. Rd2 Nbd7 22. Rad1 Nf8 23. Bd4 N8h7 24.
Bxe5 Qxe5 25. Qe3 Ng5 26. Kg2 Nf3 27. Rd6 Qh2+ 28. Kf1 Qxh3+ 29. Ke2 Qxg4 30. Rxf6 gxf6 31. Rd7 Ne5+ 32. f3 exf3+ 33. Ke1 Nxd7 0-1

[Event "*** Titled Tuesday Blitz"]
[Site "Chess.com"]
[Date "2019.09.03"]
[Round "7"]
[White "tonyq11"]
[Black "chesstatour"]
[Result "1-0"]
[WhiteElo "2184"]
[BlackElo "2023"]
[TimeControl "180+2"]
[EndTime "16:35:08 PDT"]
[Termination "tonyq11 won on time"]

1. d4 Nf6 2. Nf3 e6 3. g3 b6 4. Bg2 Bb7 5. O-O Be7 6. c4 O-O 7.
Nc3 Ne4 8. Nxe4 Bxe4 9. Ne1 Bxg2 10. Nxg2 d5 11. cxd5 exd5 12. b3 Nd7 13. Bb2 Nf6 14.
Qd3 a5 15. Rac1 a4 16. Rc6 axb3 17. axb3 Qd7 18. Rfc1 Bd6 19. Ne3 Ra2 20. R6c2 g6 21. Bc3 Rxc2 22. Rxc2 Re8 23. Nf1 h5 24. h4 Qh3 25. Qf3 Ne4 26. Qg2 Qxg2+ 27. Kxg2 Nxc3 28. Rxc3 Rxe2 29. Rd3 c6 30. Ne3 Rb2 31. Kf3 Kf8 32.
Nd1 Rb1 33. Ke2 Ke7 34. Nc3 Ra1 35. Re3+ Kd7 36. Rf3 f5 37. Rd3 b5 38. Nd1 Ra3 39. Ne3 Kc7 40. Nc2 Ra2 41. Kd1 1-0

[Event "*** Titled Tuesday Blitz"]
[Site "Chess.com"]
[Date "2019.09.03"]
[Round "7"]
[White "tteshan"]
[Black "PchelkinVK"]
[Result "1-0"]
[WhiteElo "2219"]
[BlackElo "2478"]
[TimeControl "180+2"]
[EndTime "16:35:12 PDT"]
[Termination "tteshan won on time"]

1. d4 e5 2. dxe5 d6 3. Nf3 Nc6 4. e4 Bg4 5. Bb5 dxe5 6. Qxd8+ Rxd8 7. h3 Bxf3 8. Bxc6+ bxc6 9. gxf3 Bc5 10. Nd2 Ne7 11. Nb3 Bb6 12. a4 a6 13. Ke2 Ng6 14. Be3 a5 15.
Nd2 Ke7 16. Nc4 Ke6 17. Ra3 Nf4+ 18. Bxf4 exf4 19. Rc3 c5 20. Rb3 Rb8 21. Rd1 h5 22.
Rd5 Rh6 23. Nxa5 Rg6 24. Nc6 Ra8 25. a5 Bxa5 26. Ra3 1-0

[Event "*** Titled Tuesday Blitz"]
[Site "Chess.com"]
[Date "2019.09.03"]
[Round "7"]
[White "TreabharMakernes"]
[Black "MarshKnight"]
[Result "1-0"]
[WhiteElo "2363"]
[BlackElo "2196"]
[TimeControl "180+2"]
[EndTime "16:35:15 PDT"]
[Termination "TreabharMakernes won by checkmate"]

1. e4 e6 2. d4 d5 3. Nc3 Nc6 4. e5 f6 5. Bb5 fxe5 6. dxe5 Bc5 7. Qg4 Qe7 8. Bg5 Qf7 9. Nf3 Ne7 10.
O-O Bd7 11. Na4 Bb6 12. c4 a6 13. Nxb6 cxb6 14. Bxe7 Qxe7 15. Bxc6 Bxc6 16. Nd4 dxc4 17. Nxe6 Kf7 18. Ng5+ Kg8 19. Qxc4+ Kf8 20. Ne6+ Ke8 21. Rfd1 Rc8 22. Qg4 Kf7 23. Ng5+ Kg8 24. Qxc8+ Be8 25.
Qc4+ Kf8 26. Ne6+ Kf7 27. Nc7+ Kg6 28. Rd6+ Kh5 29. Ne6 g6 30. Re1 Bb5 31. Qf4 Bd7 32. g4+ Kh4 33. Qg3# 1-0

[Event "*** Titled Tuesday Blitz"]
[Site "Chess.com"]
[Date "2019.09.03"]
[Round "7"]
[White "Niclox"]
[Black "Firouzja2003"]
[Result "1-0"]
[WhiteElo "2654"]
[BlackElo "3016"]
[TimeControl "180+2"]
[EndTime "16:35:19 PDT"]
[Termination "Niclox won by resignation"]

1. e4 d6 2. d4 Nf6 3. Nc3 g6 4. Bg5 Bg7 5. e5 Nfd7 6. f4 O-O 7. h4 c5 8. h5 cxd4 9. hxg6 dxc3 10. Qh5 h6 11.
gxf7+ Rxf7 12. Bc4 Nxe5 13. fxe5 d5 14. O-O-O Qb6 15. Bb3 hxg5 16. Nf3 Bf5 17. Rxd5 e6 18. Rd6 Qe3+ 19. Kb1 Nc6 20. Nxg5 Nxe5 21. Rxe6 Kf8 22. Rxe5 Bxc2+ 23. Bxc2 Qf4 24. Ne6+ 1-0

[Event "*** Titled Tuesday Blitz"]
[Site "Chess.com"]
[Date "2019.09.03"]
[Round "7"]
[White "MikeSailer"]
[Black "FearNoEvil12"]
[Result "0-1"]
[WhiteElo "2102"]
[BlackElo "2000"]
[TimeControl "180+2"]
[EndTime "16:35:22 PDT"]
[Termination "FearNoEvil12 won on time"]

1. b4 Nf6 2. Bb2 e6 3. b5 d6 4. Nf3 b6 5. e3 Bb7 6. Be2 Nbd7 7.
a4 Rg8 8. a5 bxa5 9. Rxa5 c5 10. Ra1 g5 11. h3 h5 12. d4 g4 13. hxg4 hxg4 14. Nh4 Be7 15. Bc3 Ne4 16. Ba5 Nb6 17.
dxc5 Nxc5 18. Bxg4 Bxh4 19. Bf3 Bxf3 20. Qxf3 Rc8 21. Bxb6 axb6 22. Ra7 Nd7 23. Rxd7 Kxd7 24. Qxf7+ Be7 25. Rh6 Re8 26. Qxe6+ Kc7 27. Nc3 Kb7 28.
Qd5+ Kb8 29. Na4 Qc7 30. Rh4 Rf8 31. Re4 Qxc2 0-1

[Event "*** Titled Tuesday Blitz"]
[Site "Chess.com"]
[Date "2019.09.03"]
[Round "7"]
[White "laboratorio25"]
[Black "vinniethepooh"]
[Result "1-0"]
[WhiteElo "2416"]
[BlackElo "2572"]
[TimeControl "180+2"]
[EndTime "16:35:33 PDT"]
[Termination "laboratorio25 won by resignation"]

1. e4 c5 2. Nf3 d6 3. d4 cxd4 4. Nxd4 Nf6 5. Nc3 a6 6. Be3 e5 7. Nb3 Be7 8. f3 Be6 9. Qd2 O-O 10. O-O-O Nbd7 11. g4 b5 12. Rg1 b4 13. Nd5 Bxd5 14.
exd5 Nb6 15. Na5 Nfxd5 16. Nc6 Qd7 17. Nxe7+ Qxe7 18. Bxb6 Nxb6 19. Qxd6 Qg5+ 20. Qd2 Qe7 21. Qd6 Qg5+ 22. Qd2 Qe7 23. Qe3 Na4 24. Bc4 Rfc8 25. Bd5 Ra7 26. Rge1 Rac7 27. Rd2 Nc5 28. Kb1 Nd7 29.
Bb3 a5 30. f4 e4 31. Qxe4 Qxe4 32. Rxe4 Nc5 33. Red4 Kf8 34. Bd5 Re8 35. Bf3 Rce7 36. Rd1 Re3 37. Bc6 Rc8 38. Rd8+ Rxd8 39. Rxd8+ Ke7 40.
Re8+ Kd6 41. Rxe3 Kxc6 42. Re7 f6 43. Rxg7 Ne6 44. Rf7 Nxf4 45. Rxf6+ 1-0

[Event "*** Titled Tuesday Blitz"]
[Site "Chess.com"]
[Date "2019.09.03"]
[Round "7"]
[White "jorquerino"]
[Black "Th3ChessViking"]
[Result "0-1"]
[WhiteElo "2307"]
[BlackElo "2451"]
[TimeControl "180+2"]
[EndTime "16:35:36 PDT"]
[Termination "Th3ChessViking won by resignation"]

1. e4 e6 2. Nc3 d5 3. Nf3 Nf6 4. e5 Nfd7 5. d4 c5 6. dxc5 Nc6 7. Bf4 a6 8. Bd3 Nxc5 9. h4 Nxd3+ 10. Qxd3 Bd7 11. O-O h6 12. h5 Bc5 13. Qd2 b5 14. Ne2 Qb6 15. Rad1 g5 16. Bg3 Be7 17. Nfd4 Rc8 18.
Nxc6 Bxc6 19. Nd4 Bd7 20. f4 Rc4 21. c3 b4 22. Bf2 bxc3 23. bxc3 Qc7 24. Rc1 gxf4 25.
Ne2 Bg5 26. Qd3 Bb5 27. Bd4 Rg8 28. Rf3 Be7 29. Rcf1 Rxd4 0-1

[Event "*** Titled Tuesday Blitz"]
[Site "Chess.com"]
[Date "2019.09.03"]
[Round "7"]
[White "daro94"]
[Black "wonderfultime"]
[Result "1-0"]
[WhiteElo "2900"]
[BlackElo "2944"]
[TimeControl "180+2"]
[EndTime "16:35:38 PDT"]
[Termination "daro94 won by resignation"]

1. e4 c5 2. Nf3 Nf6 3. e5 Nd5 4.
Nc3 e6 5. Ne4 f5 6. Nc3 Ne7 7.
d4 cxd4 8. Nxd4 a6 9. g3 Nbc6 10. Nxc6 Nxc6 11. Bf4 Qb6 12. Qd2 Qxb2 13. Rb1 Qa3 14.
Bg2 Bb4 15. Rb3 Qa5 16. O-O O-O 17. Rfb1 Be7 18. a4 Qc7 19. h4 Bc5 20. Nd5 Qd8 21. Nb6 Rb8 22. a5 Kh8 23. Rd3 Rf7 24. Nc4 Qc7 25. Nd6 Bxd6 26. exd6 Qxa5 27. Bxc6 Qa2 28. Qc1 e5 29. Bd5 1-0

[Event "*** Titled Tuesday Blitz"]
[Site "Chess.com"]
[Date "2019.09.03"]
[Round "7"]
[White "YQPerez"]
[Black "Jospem"]
[Result "1-0"]
[WhiteElo "2795"]
[BlackElo "2922"]
[TimeControl "180+2"]
[EndTime "16:35:38 PDT"]
[Termination "YQPerez won by checkmate"]

1. e4 c5 2. Nc3 d6 3. Bb5+ Nd7 4.
f4 e6 5. Nf3 a6 6. Bxd7+ Bxd7 7.
d3 Bc6 8. O-O Nf6 9. Qe1 Be7 10.
e5 Nd5 11. Ne4 O-O 12. Qg3 f5 13. exf6 Nxf6 14. Neg5 Qc8 15. Qh3 Bd7 16. Ne5 dxe5 17. fxe5 h6 18. exf6 Bxf6 19. Ne4 Bd4+ 20. Be3 Bxb2 21.
Rxf8+ Qxf8 22. Rf1 Qe7 23. Bxc5 Qe8 24. Rf8+ Qxf8 25.
Bxf8 Bd4+ 26. Kf1 Rxf8+ 27. Ke2 Rf5 28. Qh4 Rf7 29. Nd6 Rf2+ 30. Ke1 Bb6 31. Qb4 Be3 32. Qxb7 Ba4 33. Qc8+ Kh7 34. Qxe6 Rxc2 35. Qxe3 Bc6 36.
Nf5 Rxg2 37. Ne7 Bb7 38. Qe6 Rg5 39. Qg8# 1-0

[Event "*** Titled Tuesday Blitz"]
[Site "Chess.com"]
[Date "2019.09.03"]
[Round "7"]
[White "JussupowFan"]
[Black "minnesotachessmaster"]
[Result "1-0"]
[WhiteElo "2194"]
[BlackElo "1945"]
[TimeControl "180+2"]
[EndTime "16:35:40 PDT"]
[Termination "JussupowFan won by resignation"]

1. e4 c5 2. Nf3 Nc6 3. d4 cxd4 4. Nxd4 Nf6 5. Nc3 e5 6. Ndb5 d6 7. Bg5 a6 8. Na3 Be7 9. Bxf6 Bxf6 10. Nd5 Bg5 11. c3 O-O 12. Nc2 Be6 13. Nce3 Ne7 14. Be2 Bxe3 15. Nxe3 d5 16. exd5 Nxd5 17. Nxd5 Qxd5 18. Bf3 e4 19. Qxd5 Bxd5 20. Be2 f5 21. O-O-O Bc6 22. c4 Rfd8 23. b4 Kf8 24. Kb2 Ke7 25.
Kc3 Kf6 26. Kb3 Ke5 27. a4 b6 28. g3 Be8 29. h4 Bf7 30. Kc3 Rac8 31. Rxd8 Rxd8 32.
Rd1 Rc8 33. Rd7 Be6 34. Rb7 Rc6 35. b5 axb5 36. axb5 Rd6 37. Rxg7 Rd7 38. Rxd7 Bxd7 39. Bh5 f4 40. gxf4+ Kxf4 41. Kd4 1-0

[Event "*** Titled Tuesday Blitz"]
[Site "Chess.com"]
[Date "2019.09.03"]
[Round "7"]
[White "BASSU1"]
[Black "jefferyx"]
[Result "1-0"]
[WhiteElo "2585"]
[BlackElo "2931"]
[TimeControl "180+2"]
[EndTime "16:35:42 PDT"]
[Termination "BASSU1 won by resignation"]

1. e4 c6 2. d4 d5 3. Nc3 dxe4 4. Nxe4 Nf6 5. Nxf6+ exf6 6. c3 Bd6 7. Bd3 O-O 8.
Nf3 Re8+ 9. Be3 Bg4 10. h3 Bh5 11. Qc2 Bg6 12. O-O Nd7 13. Rad1 Nf8 14. Rfe1 Bc7 15.
c4 Qd6 16. d5 cxd5 17. Bxg6 hxg6 18. Rxd5 Qa6 19. b4 Ne6 20. a4 b6 21. b5 Qb7 22. Red1 Rac8 23. Nd4 Nxd4 24. R5xd4 Re7 25.
Kf1 Rce8 26. Rd7 Qc8 27. Rxe7 Rxe7 28. c5 bxc5 29. Qxc5 Qe6 30. Qd5 Qc8 31. Bxa7 Ba5 32. Be3 Qc2 33. b6 Qxa4 34. Rb1 Qc2 35. Qb3 Qc8 36. b7 Qb8 37. Ba7 1-0

[Event "*** Titled Tuesday Blitz"]
[Site "Chess.com"]
[Date "2019.09.03"]
[Round "7"]
[White "GMJimKnopf"]
[Black "hansen"]
[Result "0-1"]
[WhiteElo "2740"]
[BlackElo "2886"]
[TimeControl "180+2"]
[EndTime "16:35:46 PDT"]
[Termination "hansen won by resignation"]

1. c3 e5 2. g3 d5 3. d4 exd4 4. cxd4 c6 5. Bg2 Nf6 6. Nc3 Bf5 7. Nf3 h6 8. O-O Be7 9. Bf4 Nbd7 10. Ne5 O-O 11.
Qd2 Re8 12. a3 a5 13. Rfe1 a4 14. f3 Nxe5 15. Bxe5 Bg6 16. Rad1 Nd7 17. Bf4 Nb6 18. e4 Nc4 19. Qf2 dxe4 20. fxe4 Qb6 21. Bc1 Bg5 22. Bf1 Nd6 23. Bxg5 hxg5 24. e5 Nf5 25. Ne4 Rad8 26. d5 Qxf2+ 27. Kxf2 cxd5 28. Nxg5 d4 29. Bc4 Ne3 30.
Rc1 Rxe5 31. Nf3 Rf5 32. h3 Rf6 33. g4 Be4 34. Be2 Bxf3 35. Bxf3 Rb6 36. Re2 Rd7 37. Rd2 g6 38. g5 Kg7 39. Rc8 Rb5 40. h4 Rf5 41.
Kg3 Nf1+ 0-1

[Event "*** Titled Tuesday Blitz"]
[Site "Chess.com"]
[Date "2019.09.03"]
[Round "7"]
[White "Blackmind96"]
[Black "Alexander_Moskalenko"]
[Result "0-1"]
[WhiteElo "2715"]
[BlackElo "2834"]
[TimeControl "180+2"]
[EndTime "16:35:46 PDT"]
[Termination "Alexander_Moskalenko won by resignation"]

1. d4 Nf6 2. c4 e6 3. Nc3 Bb4 4. e3 b6 5. f3 c5 6. d5 Ba6 7.
e4 O-O 8. Bd2 d6 9. a3 Bxc3 10.
Bxc3 exd5 11. cxd5 Bxf1 12. Kxf1 Nbd7 13. Ne2 b5 14. g3 a5 15. Kg2 b4 16. Bd2 Re8 17.
Qc2 Qb6 18. Nf4 Ne5 19. Be3 Qb5 20. Rhd1 a4 21. h4 Nfd7 22. Bf2 Nb6 23. axb4 Qxb4 24. Nd3 Nxd3 25. Rxd3 Nc4 26. b3 Ne5 27. Rc3 f5 28.
Rxa4 Rxa4 29. bxa4 fxe4 30. fxe4 Rf8 31. Be3 Nf3 32.
Bf2 Ne5 33. Be3 h6 34. Bf4 Re8 35. Bxe5 Rxe5 36. Rc4 Qe1 37. Qd3 Re8 38. Qf1 Rxe4 39. Rxe4 Qxe4+ 40. Kh2 Qxa4 41. Qf4 Qa2+ 42. Kh3 Qxd5 43.
Qa4 Qe6+ 44. Kg2 d5 45. Qa8+ Kh7 46. Qa7 Qe4+ 47. Kh3 c4 48. Qc5 Qf3 49. Qd4 Qh1+ 0-1

[Event "*** Titled Tuesday Blitz"]
[Site "Chess.com"]
[Date "2019.09.03"]
[Round "7"]
[White "rikyshi"]
[Black "Mr_Penings"]
[Result "0-1"]
[WhiteElo "2225"]
[BlackElo "2511"]
[TimeControl "180+2"]
[EndTime "16:35:50 PDT"]
[Termination "Mr_Penings won by checkmate"]

1. d4 Nf6 2. Nc3 d5 3. Bf4 c6 4. e3 g6 5. h4 h5 6. Nf3 Bg7 7. Qd2 b5 8. Ng5 Nbd7 9. a3 Nb6 10.
Bd3 a5 11. e4 b4 12. axb4 axb4 13. Rxa8 bxc3 14. bxc3 Nxa8 15. e5 Ne4 16. Nxe4 dxe4 17. Bxe4 Nb6 18. Bxc6+ Kf8 19. O-O Be6 20. Bg5 f6 21.
exf6 exf6 22. Bf4 Nd5 23. Ra1 Qb6 24. Ba4 Kg8 25. Bb3 Kh7 26. Bg3 Bh6 27. Qe1 Bf7 28.
c4 Re8 29. Qf1 Nc3 30. c5 Qb7 31. Bxf7 Qxf7 32. Re1 Bd2 33. Rxe8 Qxe8 34. Qd3 Qe1+ 35. Kh2 Ne2 36. Kh3 Qh1+ 37. Bh2 Nf4+ 38. Kg3 Qxg2# 0-1

[Event "*** Titled Tuesday Blitz"]
[Site "Chess.com"]
[Date "2019.09.03"]
[Round "7"]
[White "DeviatkinAndrey"]
[Black "Alohamora11"]
[Result "0-1"]
[WhiteElo "2665"]
[BlackElo "2482"]
[TimeControl "180+2"]
[EndTime "16:36:04 PDT"]
[Termination "Alohamora11 won by resignation"]

1. d4 Nf6 2. Bg5 e6 3. Nf3 c5 4. e3 h6 5. Bh4 d5 6. c3 Bd6 7. Nbd2 Nbd7 8. Bd3 Qc7 9. e4 dxe4 10. Nxe4 Nxe4 11.
Bxe4 f5 12. Bd3 g5 13. Bg3 f4 14. Qe2 Nf6 15. Bg6+ Kf8 16. O-O-O Kg7 17. Bc2 fxg3 18. hxg3 Bd7 19. dxc5 Bxc5 20. Ne5 Be8 21. f4 Nd5 22.
fxg5 hxg5 23. Rxh8 Kxh8 24. Rh1+ Kg8 25. Qe4 Nf6 26.
Qe2 Qg7 27. Nd3 Bb6 28. Qxe6+ Bf7 29. Qe7 Re8 30. Qxb7 Be3+ 31. Kd1 Bh5+ 32. Rxh5 Qxb7 0-1

[Event "*** Titled Tuesday Blitz"]
[Site "Chess.com"]
[Date "2019.09.03"]
[Round "7"]
[White "RU_B9"]
[Black "chorejason"]
[Result "0-1"]
[WhiteElo "1706"]
[BlackElo "2113"]
[TimeControl "180+2"]
[EndTime "16:36:05 PDT"]
[Termination "chorejason won on time"]

1. c4 Nf6 2. Nc3 g6 3. Nf3 Bg7 4. e4 O-O 5. d4 d6 6. Be2 e5 7.
O-O Nc6 8. d5 Ne7 9. Ne1 Nd7 10.
Be3 f5 11. f3 f4 12. Bf2 g5 13. Rc1 Rf7 14. b4 Nf6 15. c5 Ng6 16. cxd6 cxd6 17.
a4 Bf8 18. Nb5 Rg7 19. Nxa7 Bd7 20. Nb5 g4 21. a5 g3 22. hxg3 fxg3 23. Bxg3 Nh5 24.
Bh2 Ngf4 25. Nc3 Qh4 26. Bb5 Bh3 27. Rf2 Bxg2 28. Rxg2 Nh3+ 29. Kf1 Rxg2 30. Rc2 Ng3+ 31. Kxg2 Nf4+ 32. Kg1 Bh6 33. Bxg3 Qxg3+ 34. Rg2 Nxg2 35. Nxg2 Be3+ 0-1

[Event "*** Titled Tuesday Blitz"]
[Site "Chess.com"]
[Date "2019.09.03"]
[Round "7"]
[White "joshdaruca"]
[Black "matiss90"]
[Result "1-0"]
[WhiteElo "2731"]
[BlackElo "2542"]
[TimeControl "180+2"]
[EndTime "16:36:17 PDT"]
[Termination "joshdaruca won by checkmate"]

1. Nf3 Nf6 2. g3 g6 3. Bg2 Bg7 4. O-O O-O 5. c4 d6 6. d4 a6 7. Nc3 Nc6 8. d5 Na5 9. Nd2 c5 10. Qc2 Rb8 11. a4 e5 12. b3 Bf5 13. e4 Bd7 14.
Bb2 Qc8 15. Nd1 Bh3 16. Ne3 Bxg2 17. Kxg2 Ng4 18. Nxg4 Qxg4 19. Bc3 b6 20. h3 Qd7 21.
f4 f5 22. fxe5 dxe5 23. Nf3 Rbe8 24. Ng5 f4 25. Ne6 Rf7 26. gxf4 exf4 27. Bxg7 Rxg7 28. Nxg7 Qxg7 29. Rae1 Qe5 30. h4 Re7 31. Rf3 g5 32. hxg5 Rg7 33. Kh1 Qxg5 34. Qh2 Nb7 35. Rg1 Qe5 36.
Rxg7+ Kxg7 37. Qxf4 Qh5+ 38. Kg2 Nd8 39. Qf6+ Kg8 40.
Qf8# 1-0

[Event "*** Titled Tuesday Blitz"]
[Site "Chess.com"]
[Date "2019.09.03"]
[Round "7"]
[White "SanchezKelvin"]
[Black "IMRosen"]
[Result "1/2-1/2"]
[WhiteElo "2423"]
[BlackElo "2583"]
[TimeControl "180+2"]
[EndTime "16:36:19 PDT"]
[Termination "Game drawn by stalemate"]

1. d4 Nf6 2. c4 e5 3. dxe5 Ng4 4. e4 Nxe5 5. f4 Nec6 6. Be3 Na6 7. Nf3 Bc5 8. Qd2 O-O 9. Nc3 Re8 10. O-O-O d6 11.
Bd3 Bxe3 12. Qxe3 Nc5 13. Bc2 Bg4 14. h3 Bxf3 15. gxf3 Nb4 16. Rhg1 Qh4 17. Nd5 Nxd5 18. Rxd5 Ne6 19. f5 Qf4 20. Kd2 Qxe3+ 21. Kxe3 Nc5 22. b4 Nd7 23. Ba4 Nb6 24. Bxe8 Nxd5+ 25. cxd5 Rxe8 26. Rc1 Re7 27. b5 Kf8 28. Rc3 b6 29.
Ra3 a5 30. bxa6 Re8 31. Rc3 Ra8 32. Ra3 Ke8 33. Kd4 Kd7 34. Kc4 c6 35. dxc6+ Kxc6 36. Kb4 b5 37. Ra5 f6 38. a7 g6 39. fxg6 hxg6 40.
Ra6+ Kb7 41. Kxb5 f5 42. exf5 gxf5 43. Rxd6 Rh8 44. Rd7+ Ka8 45. f4 Rc8 46. Kb6 Rc6+ 47. Kb5 Rc5+ 48. Kb4 Rc4+ 49. Kb3 Rc3+ 50. Ka4 Rc4+ 51.
Kb5 Rc5+ 52. Kb6 Rc6+ 53. Kxc6 1/2-1/2